 Dungeon Crawl Stone Soup version 0.26.0-10-g1f06aea511 (webtiles) character file.

Game seed: 156518394238088038

59269 nightchill the Brawler (level 14, -3/129 HPs)
             Began as a Ghoul Gladiator on Jan 26, 2021.
             Was a High Priest of Makhleb.
             Slain by a wolf spider (23 damage)
             ... on level 1 of the Lair of Beasts on Jan 28, 2021.
             The game lasted 01:27:14 (28380 turns).

nightchill the Brawler (Ghoul Gladiator)           Turns: 28380, Time: 01:27:14

Health: -3/129     AC: 22    Str: 20    XL:     14   Next: 94%
Magic:  21/21      EV: 22    Int:  6    God:    Makhleb [*****.]
Gold:   1042       SH: 12    Dex: 10    Spells: 13/13 levels left

rFire    + + .     SeeInvis .     - Unarmed
rCold    + . .     Faith    .   V - +2 kite shield {AC+3}
rNeg     + + +     Spirit   .   i - +0 chain mail {rF+}
rPois    ∞         Reflect  .   l - +2 helmet
rElec    .         Harm     .   X - +2 cloak {rCorr}
rCorr    +         Rampage  .   (no gloves)
Will     ++...                  W - +1 pair of boots
Stlth    ..........             B - amulet of the acrobat
HPRegen  0.00/turn              b - ring of protection from fire
MPRegen  0.17/turn              M - ring of willpower

@: acrobat
A: claws 1, cold resistance 1, negative energy resistance 3, inhibited
regeneration, torment resistance, unbreathing
a: Renounce Religion, Minor Destruction, Lesser Servant of Makhleb, Major
Destruction, Greater Servant of Makhleb


You were on level 1 of the Lair of Beasts.
You worshipped Makhleb.
Makhleb was extremely pleased with you.
You visited 5 branches of the dungeon, and saw 23 of its levels.

You collected 2194 gold pieces.
You spent 1152 gold pieces at shops.

Inventory:

Hand Weapons
 c - a +2 dagger of distortion
 j - a +1 hunting sling
 y - a +0 dagger of venom
Missiles
 e - 475 stones (quivered)
 x - 3 datura-tipped darts
 F - 50 poisoned darts
 G - 20 atropa-tipped darts
 R - 11 boomerangs of dispersal
Armour
 i - a +0 chain mail of fire resistance (worn)
 l - a +2 helmet (worn)
 V - a +2 kite shield of protection (worn)
 W - a +1 pair of boots (worn)
 X - a +2 cloak of preservation (worn)
Jewellery
 b - a ring of protection from fire (left claw)
 z - an uncursed ring of see invisible
 B - an amulet of the acrobat (around neck)
 M - a ring of willpower (right claw)
 S - the ring "Honups" {rF+ rC+ Str-5 Int+5}
   (You found it on level 11 of the Dungeon)

   [ring of protection from fire]

   It affects your strength (-5).
   It affects your intelligence (+5).
   It protects you from fire.
   It protects you from cold.
Wands
 a - a wand of paralysis (16)
 g - a wand of random effects (22)
 u - a wand of disintegration (14)
 C - a wand of iceblast (24)
 H - a wand of polymorph (25)
 L - a wand of enslavement (9)
 N - a wand of acid (7)
Scrolls
 f - 6 scrolls of remove curse
 h - a scroll of blinking
 m - a scroll of enchant armour
 p - 6 scrolls of identify
 q - a scroll of amnesia
 r - 12 scrolls of teleportation
 s - 5 scrolls of magic mapping
 v - 7 scrolls of immolation
 A - 3 scrolls of enchant weapon
 I - 3 scrolls of fog
 Q - a scroll of summoning
 U - a scroll of fear
Potions
 d - 2 potions of magic
 k - 5 potions of haste
 n - 14 potions of curing
 t - 2 potions of brilliance
 w - a potion of attraction
 E - 4 potions of heal wounds
 J - a potion of flight
 K - 4 potions of cancellation
 O - a potion of might
 T - a potion of ambrosia


   Skills:
 + Level 13.4 Fighting
 - Level 1.7 Throwing
 + Level 7.3 Armour
 - Level 2.6 Dodging
 * Level 6.0 Shields
 * Level 18.0 Unarmed Combat
 + Level 11.4 Invocations


You had 13 spell levels left.
You didn't know any spells.
Your spell library contained the following spells:

 Spells                   Type           Power        Failure   Level
 Animate Skeleton         Necr           0%           100%        1
 Apportation              Tloc           0%           100%        1
 Corona                   Hex            0%           100%        1
 Freeze                   Ice            0%           100%        1
 Pain                     Necr           0%           100%        1
 Shock                    Conj/Air       0%           100%        1
 Summon Small Mammal      Summ           0%           100%        1
 Swiftness                Air            0%           100%        2
 Confusing Touch          Hex            0%           100%        3
 Frozen Ramparts          Ice            0%           100%        3
 Gell's Gravitas          Tloc           0%           100%        3
 Ozocubu's Armour         Ice            0%           100%        3
 Static Discharge         Conj/Air       0%           100%        3
 Vampiric Draining        Necr           0%           100%        3
 Airstrike                Air            0%           100%        4
 Animate Dead             Necr           0%           100%        4
 Hailstorm                Conj/Ice       0%           100%        4
 Petrify                  Tmut/Erth      0%           100%        4
 Summon Ice Beast         Ice/Summ       0%           100%        4
 Agony                    Necr           0%           100%        5
 Lightning Bolt           Conj/Air       0%           100%        5
 Metabolic Englaciation   Hex/Ice        0%           100%        5
 Yara's Violent Unravell  Hex/Tmut       0%           100%        5
 Beastly Appendage        Tmut           Unusable     N/A         1
 Wereblood                Tmut           Unusable     N/A         2
 Spider Form              Tmut/Pois      Unusable     N/A         3
 Ice Form                 Ice/Tmut       Unusable     N/A         4
 Blade Hands              Tmut           Unusable     N/A         5

Dungeon Overview and Level Annotations

Branches:
Dungeon (13/15)            Temple (1/1) D:7            Lair (6/6) D:9
 Shoals (0/4) Lair:2       Spider (1/4) Lair:2        Slime (0/5) Lair:6
    Orc (2/2) D:10            Elf (0/3) Orc:2        Vaults (0/5) D:13

Altars:
Ashenzari
Cheibriados
Dithmenos
Elyvilon
Gozag
Hepliaklqana
Kikubaaqudgha
Makhleb
Nemelex Xobeh
Okawaru
Qazlal
Sif Muna
Trog
Uskayaw
Vehumet
Wu Jian
Xom
Yredelemnul
Zin
The Shining One
Beogh

Shops:
D:6 (   D:7 =   D:9 [   Orc:2 ?[[(

Annotations:
D:3 exclusion: downstairs
D:6 exclusion: 2 downstairs
D:9 exclusion: downstairs
D:10 2 transporters, Kebab's ghost, journeyman TrMo
D:11 3 runed translucent doors, exclusion: 3 doors, p0werm0de's ghost, journeyman DsCK
D:12 exclusion: 2 downstairs
D:13 2 exclusions
Lair:2 2 transporters, Dumidips's ghost, journeyman OpMo
Lair:4 2 transporters, qborf's ghost, journeyman TeIE
Lair:5 2 transporters, exclusions: downstairs and oklob plant, Riymurr's ghost, journeyman MfMo
Lair:6 2 runed translucent doors, exclusion: 2 doors


Innate Abilities, Weirdness & Mutations

You thrive by killing the living.
You are immune to poison.
You have sharp fingernails.
Your flesh is cold resistant. (rC+)
You are immune to negative energy. (rN+++)
You do not regenerate when monsters are visible.
You are immune to unholy pain and torment.
You can survive without breathing.


Message History

The wolf spider hits you!
* * * LOW HITPOINT WARNING * * *
The wolf spider bites you but does no damage.
The wolf spider misses you. You block the wolf spider's attack.
The wolf spider hits you!
* * * LOW HITPOINT WARNING * * *
You block the wolf spider's attack.
You feel much better.
The wolf spider hits you but does no damage.
The wolf spider bites you!
* * * LOW HITPOINT WARNING * * *
The wolf spider hits you!!
* * * LOW HITPOINT WARNING * * *
You block the wolf spider's attack.
Blink to where?
Press: ? - help, Dir - move target
As you read the scroll of blinking, it crumbles to dust.
You feel much better. The wolf spider hits you!!
You die...

...........# ##............
#..####P.#.# #.§...).......
##.........# #..P.###......
#.#.......# ### ##.####.......
#.......'.#####.###..# #.......
#.......#............# ##......
##....................## #.......
#..#.....#.............####......
...#######......@s...............
.................................
.###########.##.######..#########
## ###### ####


You could see a wolf spider (berserk).

Vanquished Creatures
  Jorgrun (D:10)
  Kirke (Lair:6)
  Gastronok (D:10)
  An orc warlord (Orc:1)
  Snorg (D:13)
  An orc high priest (Orc:2)
  Nergalle (D:10)
  A fire crab (shapeshifter) (D:13)
  4 orc knights
  A lindwurm (Lair:6)
  Pikel (D:8)
  2 orc sorcerers (D:10)
  4 cyclopes
  A salamander (shapeshifter) (D:13)
  2 merfolk sirens (Lair:2)
  Joseph (D:8)
  8 black mambas
  2 molten gargoyles (Lair:6)
  Maggie (D:9)
  2 gargoyles
  13 cane toads
  2 rime drakes
  13 komodo dragons
  2 merfolk (Lair:2)
  5 trolls
  2 jumping spiders (Lair:2)
  A polar bear (Lair:4)
  A hornet (D:6)
  Prince Ribbit (D:7)
  12 blink frogs
  3 slime creatures (Lair:6)
  A dream sheep (shapeshifter) (D:13)
  6 dream sheep (Lair:6)
  6 redbacks (Lair:2)
  5 basilisks
  29 yaks
  3 fire bats (Lair:4)
  6 hogs
  2 steam dragons (Lair:6)
  5 wyverns
  A human (D:7)
  3 wargs
  A soldier ant (D:12)
  16 water moccasins
  2 acid dragons
  3 hell hounds (Lair:6)
  A swamp drake (D:10)
  3 ice beasts
  3 sky beasts
  A hornet zombie (D:10)
  41 orc warriors
  A phantom (Temple)
  A black bear (D:8)
  16 wolves
  6 centaurs
  A necrophage (D:10)
  12 ogres
  2 big kobolds
  18 bullfrogs
  A gnoll sergeant (Temple)
  A wyvern skeleton (D:11)
  3 scorpions
  8 killer bees
  8 wights
  3 howler monkeys (D:8)
  8 lava snakes
  11 hounds
  A centaur zombie (D:6)
  3 centaur skeletons
  2 bullfrog skeletons
  26 orc priests
  3 bullfrog zombies
  8 jellies
  28 orc wizards
  Jessica (D:2)
  6 iguanas
  Ijyb (D:3)
  Terence (D:2)
  12 worker ants
  A killer bee zombie (D:6)
  A hound zombie (D:7)
  A worker ant zombie (D:5)
  15 adders
  11 gnolls
  4 river rats (Lair:1)
  4 shadow imps
  3 white imps
  An ufetubus (D:6)
  8 oozes
  2 adder skeletons
  5 worms
  4 dart slugs
  5 leopard geckos
  99 orcs
  9 bats
  5 giant cockroaches
  9 goblins
  10 hobgoblins
  11 jackals
  13 kobolds
  4 quokkas
  3 ball pythons
  3 frilled lizards
  A jackal skeleton (D:7)
  A leopard gecko skeleton (D:8)
  A quokka skeleton (D:6)
  16 rats
672 creatures vanquished.

Vanquished Creatures (collateral kills)
  4 hydras
  A water moccasin (Lair:4)
5 creatures vanquished.

Vanquished Creatures (others)
  A human (Lair:6)
  A fire vortex (Lair:4)
  26 fungi
  47 plants
75 creatures vanquished.

Grand Total: 752 creatures vanquished

Notes
Turn   | Place    | Note
-------+----------+-------------------------------------------
     0 | D:1      | nightchill the Ghoul Gladiator began the quest for the Orb.
     0 | D:1      | Reached XP level 1. HP: 17/17 MP: 0/0
   231 | D:1      | Reached XP level 2. HP: 20/25 MP: 1/1
   490 | D:1      | Reached skill level 4 in Unarmed Combat
   607 | D:1      | Reached XP level 3. HP: 30/30 MP: 2/2
  1339 | D:2      | Noticed Terence
  1366 | D:2      | Killed Terence
  1367 | D:2      | Reached XP level 4. HP: 36/38 MP: 3/3
  1480 | D:2      | Reached skill level 5 in Unarmed Combat
  1872 | D:2      | Reached XP level 5. HP: 45/45 MP: 4/4
  1959 | D:2      | Noticed Jessica
  1970 | D:2      | Killed Jessica
  2644 | D:3      | Found a sparkling altar of Nemelex Xobeh.
  2795 | D:3      | Noticed Ijyb
  2807 | D:3      | Killed Ijyb
  2808 | D:3      | Reached skill level 6 in Unarmed Combat
  3148 | D:3      | Reached XP level 6. HP: 20/52 MP: 5/5
  3457 | D:4      | Found a shadowy altar of Dithmenos.
  3518 | D:4      | Reached skill level 7 in Unarmed Combat
  3527 | D:4      | Reached XP level 7. HP: 55/60 MP: 6/6
  3552 | D:4      | Reached skill level 5 in Fighting
  3582 | D:4      | Found a snail-covered altar of Cheibriados.
  3786 | D:4      | Found a hazy altar of Hepliaklqana.
  3863 | D:4      | Found a glowing golden altar of the Shining One.
  3865 | D:4      | Found a white marble altar of Elyvilon.
  3893 | D:5      | Entered Level 5 of the Dungeon
  4167 | D:5      | Reached skill level 8 in Unarmed Combat
  5279 | D:6      | Found Jais's Antique Weapon Shoppe.
  5454 | D:6      | Reached skill level 1 in Shields
  5454 | D:6      | Reached XP level 8. HP: 64/70 MP: 7/7
  5608 | D:6      | Reached skill level 9 in Unarmed Combat
  5993 | D:6      | Found a shimmering blue altar of Sif Muna.
  6222 | D:7      | Noticed Prince Ribbit
  6222 | D:7      | Noticed a gargoyle
  6345 | D:6      | Reached XP level 9. HP: 69/78 MP: 8/8
  6454 | D:7      | Noticed a hornet
  6473 | D:6      | Killed a gargoyle
  6474 | D:6      | Reached skill level 10 in Unarmed Combat
  6801 | D:6      | Killed a hornet
  7179 | D:7      | Killed Prince Ribbit
  7386 | D:7      | Found a staircase to the Ecumenical Temple.
  7404 | Temple   | Entered the Ecumenical Temple
  7467 | Temple   | Became a worshipper of Makhleb the Destroyer
  7764 | D:7      | Reached skill level 11 in Unarmed Combat
  7764 | D:7      | Reached skill level 1 in Invocations
  8089 | D:7      | Found Nuomourch's Jewellery Boutique.
  8166 | D:7      | Reached * piety under Makhleb
  8346 | D:7      | Reached XP level 10. HP: 88/88 MP: 9/11
  8453 | D:8      | Noticed Pikel
  8494 | D:8      | Killed Pikel
  8495 | D:8      | Reached skill level 12 in Unarmed Combat
  8598 | D:8      | Noticed Joseph
  8616 | D:8      | Killed Joseph
  9425 | D:9      | Reached skill level 5 in Invocations
  9642 | D:9      | Noticed Maggie
  9660 | D:9      | Killed Maggie
  9661 | D:9      | Reached skill level 13 in Unarmed Combat
  9662 | D:9      | Reached ** piety under Makhleb
  9946 | D:9      | Found a staircase to the Lair.
 10031 | D:9      | Reached XP level 11. HP: 91/97 MP: 14/14
 10362 | D:9      | Found Erghes's Armour Shop.
 10428 | D:9      | Found a sparkling altar of Nemelex Xobeh.
 10915 | D:10     | Entered Level 10 of the Dungeon
 10943 | D:10     | Noticed Gastronok
 10986 | D:10     | Noticed a cyclops
 11250 | D:10     | Killed Gastronok
 11251 | D:10     | Reached skill level 10 in Fighting
 11285 | D:10     | Found a transporter.
 11286 | D:10     | Noticed a deep troll earth mage
 11343 | D:10     | Noticed Kebab's ghost (journeyman TrMo)
 11346 | D:10     | Found a transporter.
 11566 | D:10     | Noticed Nergalle
 11581 | D:10     | Killed Nergalle
 11643 | D:10     | Killed a cyclops
 11644 | D:10     | Reached skill level 14 in Unarmed Combat
 11715 | D:10     | Found a staircase to the Orcish Mines.
 11732 | D:10     | Reached *** piety under Makhleb
 12077 | Lair:1   | Entered Level 1 of the Lair of Beasts
 13230 | Lair:2   | Reached skill level 1 in Armour
 13230 | Lair:2   | Reached XP level 12. HP: 108/108 MP: 16/16
 13419 | Lair:2   | Found a transporter.
 13422 | Lair:2   | Noticed a boulder beetle
 13427 | Lair:2   | Found a transporter.
 13428 | Lair:2   | Noticed Dumidips's ghost (journeyman OpMo)
 13512 | Lair:2   | Reached skill level 15 in Unarmed Combat
 13517 | Lair:2   | Reached **** piety under Makhleb
 13646 | Lair:2   | Found a staircase to the Shoals.
 13766 | Lair:2   | Found a hole to the Spider Nest.
 13886 | Lair:2   | Noticed a seven-headed hydra
 13914 | Lair:2   | Killed a seven-headed hydra
 14715 | Lair:3   | You fall into a shaft and drop 2 floors!
 14769 | Lair:4   | Noticed a seven-headed hydra
 14781 | Lair:4   | Killed a seven-headed hydra
 15004 | Lair:4   | Found a transporter.
 15012 | Lair:4   | Found a bloodstained altar of Trog.
 15018 | Lair:4   | Found a transporter.
 15020 | Lair:4   | Identified the +1 trident "Raqaguuk" {flame, Dex+4}
 15083 | Lair:4   | Got a smoking glass ring
 15131 | Lair:4   | Identified the +6 spear of Dullness {antimagic, Int+5
                  | Stlth+}
 15701 | Lair:4   | Noticed qborf's ghost (journeyman TeIE)
 16558 | Lair:4   | Reached XP level 13. HP: 117/117 MP: 18/18
 16579 | Lair:4   | Identified the ring "Qaxaeq" {*Slow Will++ rCorr Int+10
                  | Dex-2} (You found it on level 4 of the Lair of Beasts)
 16631 | Lair:4   | Reached skill level 16 in Unarmed Combat
 16829 | Lair:5   | Identified the +7 trident of Aheid {flame, rPois Will+}
 16830 | Lair:5   | Noticed Riymurr's ghost (journeyman MfMo)
 16832 | Lair:5   | Found a bloodstained altar of Trog.
 17077 | Lair:5   | Found a transporter.
 17759 | Lair:5   | Found a transporter.
 18313 | D:11     | Got a smoking copper ring
 18348 | D:11     | Identified the ring "Honups" {rF+ rC+ Str-5 Int+5} (You
                  | found it on level 11 of the Dungeon)
 18705 | D:11     | Found a runed translucent gate.
 18705 | D:11     | Found a runed translucent gate.
 18964 | D:11     | Found a runed translucent gate.
 18965 | D:11     | Noticed p0werm0de's ghost (journeyman DsCK)
 18965 | D:11     | Identified the +8 dagger "Xoiciwyu" {drain, Dex+2 Stlth+}
 19239 | D:12     | Reached skill level 5 in Armour
 19400 | D:12     | Reached ***** piety under Makhleb
 19437 | D:12     | Found a hide-covered altar of Uskayaw.
 19607 | D:12     | Found a gate leading to a gauntlet.
 20027 | D:13     | Noticed Snorg
 20034 | D:13     | Killed Snorg
 20183 | D:13     | Reached skill level 10 in Invocations
 20295 | D:13     | Noticed a spark wasp
 20295 | D:13     | a wolf spider changed into a spark wasp
 20306 | D:13     | Noticed a bunyip
 20306 | D:13     | a spark wasp changed into a bunyip
 20737 | Orc:1    | Entered Level 1 of the Orcish Mines
 21008 | Orc:1    | Noticed Jorgrun
 21419 | D:10     | Killed Jorgrun
 21513 | D:10     | Reached skill level 17 in Unarmed Combat
 22566 | Orc:2    | Entered Level 2 of the Orcish Mines
 22575 | Orc:2    | Found a roughly hewn altar of Beogh.
 22667 | Orc:2    | Found a roughly hewn altar of Beogh.
 22746 | Orc:2    | Found a roughly hewn altar of Beogh.
 22868 | Orc:2    | Found Osuyless's Antique Armour Emporium.
 22914 | Orc:2    | Reached XP level 14. HP: 127/127 MP: 20/20
 22943 | Orc:2    | Found a staircase to the Elven Halls.
 22980 | Orc:2    | Found a roughly hewn altar of Beogh.
 23004 | Orc:2    | Found Avuu's Magic Scroll Boutique.
 23462 | Orc:2    | Found a roughly hewn altar of Beogh.
 23572 | Orc:2    | Found a roughly hewn altar of Beogh.
 23787 | Orc:2    | Noticed an orc warlord
 23819 | Orc:1    | Killed an orc warlord
 23925 | Orc:2    | Found a roughly hewn altar of Beogh.
 23925 | Orc:2    | Found Aqilily's Antique Armour Shoppe.
 23931 | Orc:2    | Found Xogonefo's Antique Weapon Emporium.
 24275 | Orc:2    | Bought a glowing kite shield for 270 gold pieces
 24330 | Orc:2    | Bought a pair of embroidered boots for 255 gold pieces
 24377 | Orc:2    | Bought a scroll of teleportation for 48 gold pieces
 24484 | D:9      | Bought a +2 cloak of preservation for 279 gold pieces
 24666 | D:7      | Bought an uncursed ring of protection from fire for 300
                  | gold pieces
 24809 | Lair:6   | Entered Level 6 of the Lair of Beasts
 24814 | Lair:6   | Noticed Kirke
 25319 | Lair:6   | Killed Kirke
 25983 | Lair:6   | Found a staircase to the Slime Pits.
 26005 | Lair:6   | Reached skill level 5 in Shields
 26641 | Lair:6   | Found a large runed translucent door.
 26649 | Lair:6   | Found a large runed translucent door.
 27731 | D:13     | Reached skill level 18 in Unarmed Combat
 27871 | D:13     | Found a gate to the Vaults.
 28322 | Spider:1 | Entered Level 1 of the Spider Nest
 28376 | Lair:1   | HP: 6/129 [wolf spider (22)]
 28380 | Lair:1   | Slain by a wolf spider

Illustrated notes

Levels and vault maps discovered:
D:1:      dpeg_arrival_tiny_h, layout_loops_ring, hangedman_decor_points,
          kennysheep_minor_cross, serial_bayou_pond_b
D:2:      layout_basic, minmay_rat_gold_closets, uniq_terence, uniq_jessica
D:3:      layout_basic, nemelex_diamond_rough_becter, uniq_ijyb
D:4:      layout_cave_pools, grunt_dithmenos_shadows,
          nzn_hepliaklqana_mist_gate, cheibriados_altar_1,
          nicolae_overflow_hidden_temple, minmay_box_of_dots
D:5:      layout_layer_cave
D:6:      layout_cave_pools, lemuel_blue_sif_altar, serial_shops,
          nicolae_shop_behind_doors
D:7:      layout_cave_pools, minmay_temple_entry_grid, serial_shops,
          kennysheep_mini, grunt_livestock, uniq_prince_ribbit1
D:8:      layout_basic, uniq_pikel, uniq_joseph
D:9:      layout_layer_cave, nemelex_xobeh_ov_fountains_minmay,
          lair_entry_dummy, serial_shops, kennysheep_mini_moat,
          hangedman_little_slice_of_home, uniq_maggie
D:10:     layout_cave_pools, erik_orc_1, gammafunk_ghost_arena,
          nicolae_benzene_ring, uniq_gastronok, uniq_nergalle
D:11:     layout_long_grid, gammafunk_ghost_nasty_kobolds
D:12:     layout_irregular_city, gauntlet_entry_generic, basic_altar
D:13:     layout_loops_corners, david_vaults_2, serial_shops, shop, pf_eden,
          uniq_snorg
Temple:   dshaligram_water_room_temple
Lair:1:   layout_chaotic_city, pond
Lair:2:   layout_regular_city, elwin_shoals_entry_stream, spider_nest_entry_a,
          gammafunk_ghost_arena
Lair:3:   layout_small_grid, grunt_megastairs_3
Lair:4:   layout_gridlike, gammafunk_ghost_wrathful_warriors
Lair:5:   layout_gridlike, gammafunk_ghost_wrathful_warriors,
          beast_lair_carwin_10
Lair:6:   cheibrodos_lair_end_hotspot, layout_hall_layers,
          minmay_slime_entry_pillars, uniq_kirke
Spider:1: layout_spider_delve
Orc:1:    layout_caves, uniq_jorgrun
Orc:2:    grunt_orc_community_town_hall, layout_caves,
          grunt_orc_community_big_house_2, grunt_orc_community_big_house_2,
          grunt_orc_community_house_3, grunt_orc_community_house_2,
          grunt_orc_community_house_1, grunt_orc_community_house_3,
          grunt_orc_community_house_2, grunt_orc_community_house_2

Skill      XL: |  1  2  3  4  5  6  7  8  9 10 11 12 13 14 |
---------------+-------------------------------------------+-----
Unarmed Combat | 4 5 6 7 8 9 11 13 14 15 17 18 | 18.0
Fighting       | 3 4 5 6 8 9 10 11 12 13 | 13.4
Shields        | 1 3 4 6 |  6.0
Invocations    | 2 5 7 9 10 11 | 11.4
Armour         | 1 4 6 7 |  7.3
Throwing       | |  1.7
Dodging        | |  2.6

Action                   |  1- 3 |  4- 6 |  7- 9 | 10-12 | 13-15 || total
-------------------------+-------+-------+-------+-------+-------++-------
Melee: Unarmed           |   117 |   241 |   394 |   745 |  1197 ||  2694
       Punch             |     1 |     4 |     2 |       |       ||     7
Throw: Throwing net      |     2 |     1 |       |       |       ||     3
       Stone             |       |       |       |     1 |       ||     1
Invok: Minor Destruction |       |       |       |     9 |       ||     9
       Lesser Servant of |       |       |       |    10 |     5 ||    15
Evoke: Wand              |       |       |     3 |       |       ||     3
  Use: Potion            |       |       |     1 |       |     4 ||     5
       Scroll            |       |       |       |    22 |     9 ||    31
Armor: Leather armour    |    12 |       |       |       |       ||    12
       Plate armour      |    51 |   153 |   234 |   102 |       ||   540
       Swamp dragon scal |       |       |       |   104 |   166 ||   270
       Chain mail        |       |       |       |       |   307 ||   307
Dodge: Dodged            |    46 |    48 |   137 |   318 |   477 ||  1026
Block: Buckler           |       |       |    49 |   118 |   131 ||   298
       Kite shield       |       |       |       |       |   247 ||   247
